 Dungeon Crawl Stone Soup version 0.27-a0-695-gb4952372f7 (webtiles) character file.

Game seed: 4174075196359460140

43 Gaff the Vandal (level 3, 0/24 HPs)
             Began as a Halfling Hunter on Mar 22, 2021.
             Slain by Sigmund
             ... wielding a +0 scythe
              (10 damage)
             ... on level 2 of the Dungeon.
             The game lasted 00:03:27 (1964 turns).

Gaff the Vandal (Halfling Hunter)                   Turns: 1964, Time: 00:03:28

Health: 0/24       AC:  4    Str: 20    XL:     3   Next: 82%
Magic:  3/3        EV: 14    Int:  9    God:
Gold:   96         SH:  0    Dex: 14    Spells: 2/2 levels left

rFire    . . .     SeeInvis .   b - +0 short sword
rCold    . . .     Faith    .   (shield restricted)
rNeg     . . .     Spirit   .   c - +0 leather armour
rPois    .         Reflect  .   i - +0 helmet
rElec    .         Harm     .   (no cloak)
rCorr    .         Rampage  .   (no gloves)
Will     .....                  (no boots)
Stlth    +.........             (no amulet)
HPRegen  0.08/turn              h - +6 ring of strength
MPRegen  0.08/turn              (no ring)

@: confused
A: small, no large weapons, mutation resistance 1
a: no special abilities


You were on level 2 of the Dungeon.
You visited 1 branch of the dungeon, and saw 2 of its levels.

You collected 96 gold pieces.

Inventory:

Hand Weapons
 a - a +1 hunting sling
 b - a +0 short sword (weapon)
Missiles
 d - 52 sling bullets
 k - 85 stones (quivered)
Armour
 c - a +0 leather armour (worn)
 i - a +0 helmet (worn)
Jewellery
 h - a +6 ring of strength (right hand)
Scrolls
 e - 2 scrolls of identify {unknown}
 j - a scroll of enchant weapon {unknown}
 m - a scroll of immolation {unknown}
Potions
 f - a potion of mutation {unknown}
 g - 2 potions of lignification {unknown}
 l - a potion of attraction {unknown}


   Skills:
 - Level 1.7 Fighting
 * Level 7.1 Slings
 - Level 2.1 Dodging
 + Level 2.3 Stealth


You had 2 spell levels left.
You didn't know any spells.
Your spell library was empty.

Dungeon Overview and Level Annotations

Branches:
Dungeon (2/15)

Altars:

Annotations:
D:2 Sigmund


Innate Abilities, Weirdness & Mutations

You are small and have problems with some larger weapons.
You are somewhat resistant to further mutation.


Message History

a +0 hunting sling; a goblin corpse Sigmund the Dreaded comes into view.
He is wielding a +0 scythe and wearing a +2 robe of resistance.
The helpless Sigmund fails to defend himself.
You hit Sigmund.
Sigmund is lightly wounded.
Sigmund barely misses you.
You barely miss Sigmund.
Sigmund is lightly wounded.
Sigmund closely misses you.
You hit Sigmund.
Sigmund is lightly wounded.
Sigmund barely misses you.
You hit Sigmund but do no damage.
Sigmund is lightly wounded.
Sigmund closely misses you.
You hit Sigmund.
Sigmund is moderately wounded.
Sigmund hits you but does no damage.
You closely miss Sigmund.
Sigmund is moderately wounded.
Sigmund points at you and mumbles some strange words.
The magic dart hits you.
You hit Sigmund.
Sigmund is moderately wounded.
Sigmund points at you and mumbles some strange words.
You are confused.
Sigmund casts a spell at you.
You are more confused.
Sigmund misses you.
You bump into the rock wall.
Sigmund hits you but does no damage.
You bump into the rock wall.
Sigmund closely misses you.
You barely miss Sigmund.
Sigmund is moderately wounded.
Sigmund closely misses you.
You miss Sigmund.
Sigmund is moderately wounded.
Sigmund hits you with a +0 scythe!
* * * LOW HITPOINT WARNING * * *
You bump into the rock wall.
Sigmund hits you with a +0 scythe!
You die...

.# #...# #.#.#......#.####.#
.###...########...#.##.#.#.......
.'......†.....>................>.
.###...#############.#.###.#....#
.# ##### #.......# #.####.# .#
#.###.### #...^... .# #.# #.#
######÷. ###### #@# #.# #.....÷.
.....# #######@###.#####.######
.....# #.....#................#
.....#####.###.#####.#####.###.##
.................# #.# #...#..#
......####.###.#.# #.# ###.#.##
......# #.# #.#.###.#######.#.##
......# #.# #.............#.#.##
......## #.######.##.#####.#.#.##
...........#.............#.#.#.##


You could see Sigmund.

Vanquished Creatures
  A leopard gecko (D:2)
  A giant cockroach (D:2)
  9 goblins
  3 hobgoblins
  3 jackals (D:2)
  3 kobolds
  7 bats
  5 frilled lizards
  8 rats
40 creatures vanquished.

Notes
Turn   | Place    | Note
-------+----------+-------------------------------------------
     0 | D:1      | Gaff the Halfling Hunter began the quest for the Orb.
     0 | D:1      | Reached XP level 1. HP: 14/14 MP: 1/1
   174 | D:1      | Reached skill level 6 in Slings
   191 | D:1      | Reached XP level 2. HP: 13/19 MP: 2/2
  1064 | D:1      | Reached XP level 3. HP: 23/24 MP: 3/3
  1624 | D:2      | Reached skill level 7 in Slings
  1949 | D:2      | Noticed Sigmund
  1964 | D:2      | Slain by Sigmund

Illustrated notes

Levels and vault maps discovered:
D:1:      scummos_arrival_gate, layout_loops_ring
D:2:      layout_basic, serial_shops, shop, uniq_sigmund

Skill      XL: |  1  2  3 |
---------------+----------+-----
Slings         | 6 7 |  7.1
Stealth        | 2 |  2.3
Fighting       | |  1.7
Dodging        | |  2.1

Action                   || total
-------------------------++-------
Melee: Short sword       ||   126
 Stab: Sleeping          ||     7
Armor: Leather armour    ||    34
Dodge: Dodged            ||   104

Table legend: (Time is in decaauts)
 A = Elapsed time spent in this place.
 B = Non-inter-level travel time spent in this place.
 C = Inter-level travel time spent in this place.
 D = Time resting spent in this place.
 E = Time spent auto-exploring this place.
 F = Levels seen in this place.
 G = Mean time per level.
                   A        B        C        D        E       F      G
               +--------+--------+--------+--------+--------+-----+--------+
         Total |   1975 |   1938 |     37 |    672 |    785 |   2 |  987.5 |
       Dungeon |   1975 |   1938 |     37 |    672 |    785 |   2 |  987.5 |
               +--------+--------+--------+--------+--------+-----+--------+

Top non-repeatable levels by time:
     D:1: 1115 daAuts
     D:2: 859 daAuts
